 Dungeon Crawl Stone Soup version 0.31.0-11-ge490571c62 (webtiles) character file.

Game seed: 3710969491754738113

203 benadryl the Spear-Bearer (level 5, 0/38 HPs)
             Began as a Gnoll Wanderer on Jan 31, 2024.
             Was a Believer of Sif Muna.
             Slain by a hound (5 damage)
             ... on level 3 of the Dungeon on Feb 1, 2024.
             The game lasted 00:02:54 (1375 turns).

benadryl the Spear-Bearer (Gnoll Wanderer)          Turns: 1375, Time: 00:02:55

Health: 0/38       AC:  3    Str: 15    XL:     5   Next: 81%
Magic:  7/7        EV: 11    Int: 10    God:    Sif Muna [**....]
Gold:   211        SH:  0    Dex: 11    Spells: 7/7 levels left

rFire   . . .        a - +0 spear
rCold   . . .        (no shield)
rNeg    . . .        g - +0 leather armour
rPois   .            (no helmet)
rElec   .            (no cloak)
rCorr   .            (no gloves)
SInv    +            (no boots)
Will    .....        (no amulet)
Stlth   ++           p - ring of see invisible
HPRegen 0.26/turn    (no ring)
MPRegen 0.10/turn

%: no passive effects
@: mighty, hasted, very quick
A: fangs 1, strong nose, distributed training
a: Renounce Religion, Channel Magic


You were on level 3 of the Dungeon.
You worshipped Sif Muna.
Sif Muna was pleased with you.
You visited 1 branch of the dungeon, and saw 5 of its levels.

You collected 211 gold pieces.

Inventory:

Hand Weapons
 a - a +0 spear (weapon)
 e - a +0 dagger
Missiles
 d - 10 poisoned darts (quivered)
 k - a throwing net
Armour
 g - a +0 leather armour (worn)
Jewellery
 p - a ring of see invisible (left hand)
 q - an amulet of faith
Scrolls
 b - 2 scrolls of fear
 j - 2 scrolls of vulnerability {unknown}
 l - a scroll of immolation {unknown}
 o - a scroll of enchant armour {unknown}
 r - a scroll of teleportation {unknown}
 s - a scroll of torment {unknown}
Potions
 h - 2 potions of enlightenment {unknown}
 i - 3 potions of curing {unknown}
 m - a potion of resistance {unknown}
 n - 2 potions of heal wounds {unknown}


   Skills:
 + Level 1.7 Fighting
 + Level 1.7 Short Blades
 + Level 1.7 Long Blades
 + Level 1.7 Axes
 + Level 1.7 Maces & Flails
 + Level 10.5 Polearms
 + Level 1.7 Staves
 + Level 1.7 Ranged Weapons
 + Level 4.9 Throwing
 + Level 1.7 Armour
 + Level 1.7 Dodging
 + Level 2.9 Stealth
 + Level 1.7 Shields
 + Level 4.9 Unarmed Combat
 + Level 1.7 Spellcasting
 + Level 1.3 Conjurations
 + Level 1.3 Hexes
 + Level 1.3 Summonings
 + Level 1.3 Necromancy
 + Level 1.3 Translocations
 + Level 1.3 Fire Magic
 + Level 1.3 Ice Magic
 + Level 1.3 Air Magic
 + Level 1.3 Earth Magic
 + Level 1.3 Alchemy
 + Level 1.9 Invocations
 + Level 1.7 Evocations
 + Level 1.5 Shapeshifting


You had 7 spell levels left.
You didn't know any spells.
Your spell library contained the following spells:

 Spells                   Type           Power      Damage    Failure   Level
 Sublimation of Blood     Necr           3%         N/A       34%         2
 Petrify                  Alch/Erth      3%         N/A       92%         4
 Irradiate                Conj/Alch      1%         3d12      99%         5


Dungeon Overview and Level Annotations

Branches:
Dungeon (5/15)
 Temple: D:4-7

Altars:
Okawaru
Sif Muna
Xom


Innate Abilities, Weirdness & Mutations

You have very sharp teeth.
Your uncanny sense of smell can sniff out nearby items.
Your experience applies equally to all skills.


Message History

The iguana is lightly wounded.
The iguana bites you.
You are too injured to fight recklessly!
You are too injured to fight recklessly!
You are too injured to fight recklessly!
You barely miss the iguana.
The iguana is lightly wounded.
You feel very mighty all of a sudden. The bat hits you but does no damage.
A hound comes into view.
The iguana barely misses you.
You hit the iguana. You bite the iguana, but do no damage.
The iguana is heavily wounded.
The bat hits you.
A bat comes into view.
The iguana bites you!
* * * LOW HITPOINT WARNING * * *
The bat moves out of view.
You feel yourself speed up. The bat closely misses you.
The bat barely misses you. The iguana bites you.
* * * LOW HITPOINT WARNING * * *
You barely miss the bat. The bat hits you but does no damage.
The iguana closely misses you. The endoplasm hits you.
* * * LOW HITPOINT WARNING * * *
The bat closely misses you. The endoplasm hits you.
* * * LOW HITPOINT WARNING * * *
The iguana bites you.
* * * LOW HITPOINT WARNING * * *
The bat hits you but does no damage. The hound attacks as it pursues you!
The hound barely misses you.
There is a stone staircase leading up here.
The bat closely misses you. The hound barely misses you. The bat misses you.
You climb upwards.
Found 12 gold pieces.
Found a stone staircase leading up.
There is a stone staircase leading down here.
You puncture the hound!
The hound is severely wounded.
The bat closely misses you. The hound bites you.
You die...

. .. ... ....
# ..... #.#
$r....###...#
......b@h.#
<..S.######
... .


You could see a hound, an adder, a quokka (asleep) and a bat.

Vanquished Creatures
  A phantom (D:4)
  A howler monkey (D:4)
  An orc priest (D:4)
  Terence (D:2)
  A dart slug (D:1)
  6 orcs (D:4)
  3 endoplasms
  A giant cockroach (D:4)
  4 goblins (D:1)
  3 hobgoblins (D:2)
  5 kobolds
  3 rats
30 creatures vanquished.

Notes
Turn   | Place    | Note
-------+----------+-------------------------------------------
     0 | D:1      | Reached skill level 10 in Polearms
     0 | D:1      | benadryl the Gnoll Wanderer began the quest for the Orb.
     0 | D:1      | benadryl set off with the following items: a +0 spear, a
                  | scroll of fear, a potion of haste, 14 poisoned darts, a +0
                  | dagger, a potion of might, a +0 leather armour.
     0 | D:1      | Reached XP level 1. HP: 13/13 MP: 1/1
   190 | D:1      | Found a faded altar of an unknown god.
   374 | D:1      | Prayed at the altar of an unknown god.
   374 | D:1      | Became a worshipper of Sif Muna the Loreminder
   374 | D:1      | Reached * piety under Sif Muna
   417 | D:1      | Reached XP level 2. HP: 19/19 MP: 2/2
   936 | D:2      | Noticed Terence
   949 | D:2      | Killed Terence
   950 | D:2      | Reached skill level 1 in Invocations
   950 | D:2      | Reached XP level 3. HP: 25/25 MP: 2/4
  1097 | D:2      | Found a shimmering altar of Xom.
  1097 | D:2      | You fall into a shaft and drop 2 floors!
  1098 | D:4      | Noticed a phantom
  1108 | D:4      | Killed a phantom
  1109 | D:4      | Reached skill level 1 in Fighting
  1109 | D:4      | Reached skill level 1 in Short Blades
  1109 | D:4      | Reached skill level 1 in Long Blades
  1109 | D:4      | Reached skill level 1 in Axes
  1109 | D:4      | Reached skill level 1 in Maces & Flails
  1109 | D:4      | Reached skill level 1 in Staves
  1109 | D:4      | Reached skill level 1 in Ranged Weapons
  1109 | D:4      | Reached skill level 1 in Armour
  1109 | D:4      | Reached skill level 1 in Dodging
  1109 | D:4      | Reached skill level 1 in Shields
  1109 | D:4      | Reached skill level 1 in Spellcasting
  1109 | D:4      | Reached skill level 1 in Conjurations
  1109 | D:4      | Reached skill level 1 in Hexes
  1109 | D:4      | Reached skill level 1 in Summonings
  1109 | D:4      | Reached skill level 1 in Necromancy
  1109 | D:4      | Reached skill level 1 in Translocations
  1109 | D:4      | Reached skill level 1 in Fire Magic
  1109 | D:4      | Reached skill level 1 in Ice Magic
  1109 | D:4      | Reached skill level 1 in Air Magic
  1109 | D:4      | Reached skill level 1 in Earth Magic
  1109 | D:4      | Reached skill level 1 in Alchemy
  1109 | D:4      | Reached skill level 1 in Evocations
  1109 | D:4      | Reached skill level 1 in Shapeshifting
  1109 | D:4      | Reached XP level 4. HP: 21/32 MP: 4/6
  1109 | D:4      | Reached XP level 5. HP: 24/37 MP: 4/7
  1113 | D:4      | Found an iron altar of Okawaru.
  1208 | D:4      | Reached ** piety under Sif Muna
  1303 | D:5      | Entered Level 5 of the Dungeon
  1375 | D:3      | Slain by a hound

Illustrated notes

Levels and vault maps discovered:
D:1:      elethiomel_arrival_maze, layout_loops_ring,
          shapermc_ecumenical_altar_pompeii, minmay_pentomino_z4
D:2:      layout_basic, basic_altar, uniq_terence
D:3:      layout_rooms, mainiacjoe_overflow_tiny_flanked,
          lemuel_zombie_altar_yredelemnul, minmay_unequal, uniq_jessica,
          uniq_robin
D:4:      layout_cave_pools, kiku_gazebo_pond_becter, nicolae_ru_path_of_blood,
          lemuel_round_altar, cheibrodos_sewer_entry_sluice
D:5:      layout_loops_ring, corexii_shack, amethyst_killhole

Skill      XL: |  1  2  3 |
---------------+----------+-----
Polearms       | | 10.5
Invocations    | 1 |  1.9
Fighting       | 1 |  1.7
Short Blades   | 1 |  1.7
Long Blades    | 1 |  1.7
Axes           | 1 |  1.7
Maces & Flails | 1 |  1.7
Staves         | 1 |  1.7
Ranged Weapons | 1 |  1.7
Armour         | 1 |  1.7
Dodging        | 1 |  1.7
Shields        | 1 |  1.7
Spellcasting   | 1 |  1.7
Conjurations   | 1 |  1.3
Hexes          | 1 |  1.3
Summonings     | 1 |  1.3
Necromancy     | 1 |  1.3
Translocations | 1 |  1.3
Fire Magic     | 1 |  1.3
Ice Magic      | 1 |  1.3
Air Magic      | 1 |  1.3
Earth Magic    | 1 |  1.3
Alchemy        | 1 |  1.3
Evocations     | 1 |  1.7
Shapeshifting  | 1 |  1.5
Throwing       | |  4.9
Stealth        | |  2.9
Unarmed Combat | |  4.9

Action                     |  1- 3 |  4- 6 || total
---------------------------+-------+-------++-------
  Melee: Spear             |    59 |    40 ||    99
         Bite              |     6 |     4 ||    10
         Punch             |       |     4 ||     4
  Throw: Dart              |    17 |     8 ||    25
    Use: Potion            |     1 |     2 ||     3
         Scroll            |       |     1 ||     1
   Stab: Sleeping          |     3 |     1 ||     4
 Armour: Leather armour    |     7 |    23 ||    30
  Dodge: Dodged            |     9 |    16 ||    25
